 Dungeon Crawl Stone Soup version 0.30-a0-782-ge64f9170bb (webtiles) character file.

Game seed: 303034609654667207

2300 mistaj the Cutter (level 9, -10/49 HPs)
             Began as a Vine Stalker Fighter on Feb 18, 2023.
             Was a Priest of Okawaru.
             Shot with a sling bullet by Joseph (13 damage)
             ... on level 7 of the Dungeon.
             The game lasted 00:10:46 (6143 turns).

mistaj the Cutter (Vine Stalker Fighter)            Turns: 6143, Time: 00:10:46

Health: -10/49     AC: 13    Str: 21    XL:     9   Next: 40%
Magic:  0/10       EV:  9    Int:  8    God:    Okawaru [***...]
Gold:   445        SH: 10    Dex: 14    Spells: 8/8 levels left

rFire   + . .      SeeInvis .    b - +0 dagger "Ariekun" {speed, rF+ rN+ Str-2}
rCold   . . .      Faith    +    s - +0 kite shield
rNeg    + . .      Spirit   +    l - +0 plate armour
rPois   .          Reflect  .    (no helmet)
rElec   .          Harm     .    (no cloak)
rCorr   .          Rampage  .    p - +1 pair of gloves
Will    +....                    (no boots) Stlth
                                 f - amulet of faith
HPRegen 1.08/turn                n - +5 ring of evasion
MPRegen 0.12/turn                (no ring)

@: no status effects
A: fangs 3, regeneration 1, magic shield, antimagic bite, no potion heal 2
a: Renounce Religion, Heroism


You were on level 7 of the Dungeon.
You worshipped Okawaru.
Okawaru was most pleased with you.
You visited 1 branch of the dungeon, and saw 7 of its levels.

You collected 445 gold pieces.

Inventory:

Hand Weapons
 a - a +1 war axe
 b - the +0 dagger "Ariekun" (weapon) {speed, rF+ rN+ Str-2}
   (You found it on level 2 of the Dungeon)

   Str:       It affects your strength (-2).
   rF:        It protects you from fire.
   rN:        It protects you from negative energy.
Missiles
 D - a throwing net (quivered)
 F - 2 silver javelins
Armour
 l - a +0 plate armour (worn)
 p - a +1 pair of gloves (worn)
 s - a +0 kite shield (worn)
Jewellery
 f - an amulet of faith (around neck)
 n - a +5 ring of evasion (left hand)
 v - an amulet of the acrobat
Wands
 o - a wand of paralysis (20)
 t - a wand of digging (6)
Scrolls
 e - a scroll of teleportation {unknown}
 h - 4 scrolls of blinking
 m - a scroll of enchant armour
 x - a scroll of silence
 y - 3 scrolls of poison
Potions
 c - a potion of berserk rage
 d - 3 potions of might
 j - a potion of mutation
 k - 3 potions of invisibility
 r - a potion of lignification {unknown}
 u - a potion of attraction {unknown}
 z - 3 potions of brilliance
 A - a potion of magic
 B - a potion of curing {unknown}
 E - a potion of haste {unknown}
 G - 2 potions of flight
 H - a potion of cancellation {unknown}


   Skills:
 + Level 6.6 Fighting
 + Level 7.0 Short Blades
 - Level 2.3 Axes
 - Level 2.4 Armour
 + Level 6.6 Shields


You had 8 spell levels left.
You didn't know any spells.
Your spell library contained the following spells:

 Spells                   Type           Power      Damage    Failure   Level
 Freeze                   Ice            0%         1d3       100%        1
 Shock                    Conj/Air       0%         1d3       100%        1
 Frozen Ramparts          Ice            0%         1d1       100%        3
 Hailstorm                Conj/Ice       0%         3d3       100%        3
 Swiftness                Air            0%         N/A       100%        3
 Airstrike                Air            0%         2d(0-16)  100%        4
 Orb of Destruction       Conj           0%         9d5       100%        7
 Summon Guardian Golem    Hex/Summ       Unusable   N/A       N/A         3
 Spellforged Servitor     Conj/Summ      Unusable   N/A       N/A         7

Dungeon Overview and Level Annotations

Branches:
Dungeon (7/15)             Temple (0/1) D:6

Altars:
Elyvilon
Fedhas
Okawaru
Sif Muna
Uskayaw
Xom
Zin

Annotations:
D:7 Joseph


Innate Abilities, Weirdness & Mutations

You have razor-sharp teeth.
Your natural rate of healing is unusually fast.
When hurt, damage is shared between your health and your magic reserves.
Your bite disrupts and absorbs the magic of your enemies.
Potions cannot restore your health.


Message History

e - a scroll labelled POUCRI NINUN
Found a stone staircase leading down.
Found a hand axe.
You open the door.
Joseph, a Mercenary comes into view.
He is wielding a +2 spectral quarterstaff.
Found a long sword and 16 gold pieces.
Joseph unwields a +2 spectral quarterstaff.
Joseph wields a +0 sling.
Joseph shoots a sling bullet.
You block the sling bullet.
There is an open door here.
Joseph shoots a sling bullet.
The sling bullet hits you!
Joseph shoots a sling bullet.
The sling bullet hits you!
Joseph unwields a +0 sling.
Joseph wields a +2 spectral quarterstaff.
Joseph hits you with a +2 spectral quarterstaff!
You hit Joseph.
Joseph is lightly wounded.
Joseph hits you with a +2 spectral quarterstaff!
You hit Joseph.
Joseph is lightly wounded.
You hit Joseph.
Joseph is lightly wounded.
Joseph hits you with a +2 spectral quarterstaff.
* * * LOW HITPOINT WARNING * * *
You hit Joseph but do no damage. Your bite misses Joseph.
Joseph is lightly wounded.
You completely miss Joseph. Your bite misses Joseph.
Joseph is lightly wounded.
Joseph smiles happily.
You block Joseph's attack.
You hit Joseph but do no damage. Your bite misses Joseph.
Joseph is lightly wounded.
You hit Joseph but do no damage. Your bite misses Joseph.
Joseph is lightly wounded.
Joseph hits you with a +2 spectral quarterstaff!
* * * LOW HITPOINT WARNING * * *
Joseph unwields a +2 spectral quarterstaff.
Joseph wields a +0 sling.
Joseph shoots a sling bullet.
The sling bullet hits you!
You die...

#......+ .#
#......## #.
+.......#..
##.......#.#
.........#.##
..........#
#..@....#
#.......# ..
+).@..$.#
#.#+####.......#
#......#.......#
#......###'##+##
#.>....# #.#
#......# #.#
#......###.#
#..........#
#...........#


You could see Joseph.

Vanquished Creatures
  Grinder (D:4)
  Sigmund (D:2)
  A water moccasin (D:6)
  An ice beast (D:5)
  2 ogres (D:5)
  A centaur (D:5)
  A phantom (D:6)
  A kobold brigand (D:4)
  4 scorpions
  2 howler monkeys (D:4)
  6 hounds
  An orc priest (D:4)
  2 gnoll boudas
  3 iguanas
  3 orc wizards (D:4)
  Ijyb (D:3)
  Natasha (thrice) (D:3)
  29 gnolls
  8 adders
  2 shadow imps
  A white imp (D:6)
  2 ufetubi
  A worm (D:3)
  5 dart slugs
  22 orcs
  8 endoplasms
  5 giant cockroaches
  6 goblins
  3 hobgoblins
  17 jackals (D:4)
  4 quokkas
  9 ball pythons
  4 bats
  6 frilled lizards
  8 kobolds
  5 rats
179 creatures vanquished.

Notes
Turn   | Place    | Note
-------+----------+-------------------------------------------
     0 | D:1      | mistaj the Vine Stalker Fighter began the quest for the
                  | Orb.
     0 | D:1      | Reached XP level 1. HP: 11/11 MP: 2/2
   156 | D:1      | Reached XP level 2. HP: 16/16 MP: 3/3
   371 | D:1      | Reached XP level 3. HP: 19/20 MP: 4/4
   650 | D:2      | Identified the +0 dagger "Ariekun" {speed, rF+ rN+ Str-2}
   885 | D:2      | Gained mutation: Your natural rate of healing is unusually
                  | fast. [Vine Stalker growth]
   885 | D:2      | Reached XP level 4. HP: 24/24 MP: 5/5
  1089 | D:2      | Reached skill level 1 in Short Blades
  1383 | D:2      | Noticed Sigmund
  1413 | D:2      | Killed Sigmund
  1414 | D:2      | Reached skill level 2 in Short Blades
  1414 | D:2      | Reached XP level 5. HP: 28/29 MP: 3/6
  1414 | D:2      | Reached XP level 6. HP: 32/33 MP: 3/7
  1603 | D:3      | Noticed Natasha
  1617 | D:3      | Killed Natasha
  1627 | D:3      | Noticed a +0 falchion
  1627 | D:3      | Noticed a +0 spear
  1628 | D:3      | Noticed a +0 spear
  1628 | D:3      | Noticed a +0 dagger
  1629 | D:3      | Noticed a +0 short sword
  1629 | D:3      | Noticed a +0 dagger
  1629 | D:3      | Noticed a +0 falchion
  1631 | D:3      | Noticed a +0 short sword
  1635 | D:3      | Found a hide-covered altar of Uskayaw.
  1661 | D:3      | Reached skill level 3 in Short Blades
  1815 | D:3      | Noticed Natasha
  1832 | D:3      | Killed Natasha
  1874 | D:3      | Noticed Ijyb
  1917 | D:3      | Killed Ijyb
  2111 | D:3      | Noticed Natasha
  2123 | D:3      | Killed Natasha
  2237 | D:3      | Found a shimmering altar of Xom.
  2716 | D:4      | Reached XP level 7. HP: 37/37 MP: 8/8
  2758 | D:4      | Found an iron altar of Okawaru.
  2765 | D:4      | Became a worshipper of Warmaster Okawaru
  2845 | D:4      | Noticed Grinder
  2881 | D:4      | Killed Grinder
  2882 | D:4      | Reached skill level 4 in Short Blades
  3314 | D:4      | Reached * piety under Okawaru
  3315 | D:4      | Reached skill level 5 in Short Blades
  3387 | D:4      | Gained mutation: You have razor-sharp teeth. [Vine Stalker
                  | growth]
  3387 | D:4      | Reached XP level 8. HP: 42/42 MP: 9/9
  3443 | D:4      | Reached skill level 5 in Fighting
  3449 | D:4      | Found a glowing silver altar of Zin.
  3511 | D:4      | Reached skill level 5 in Shields
  3818 | D:4      | Reached ** piety under Okawaru
  4018 | D:4      | Reached skill level 6 in Short Blades
  4118 | D:5      | Entered Level 5 of the Dungeon
  4333 | D:5      | Reached *** piety under Okawaru
  4334 | D:5      | Reached XP level 9. HP: 48/48 MP: 10/10
  5245 | D:6      | Found a staircase to the Ecumenical Temple.
  5583 | D:6      | Reached skill level 7 in Short Blades
  5809 | D:6      | Found a blossoming altar of Fedhas.
  5809 | D:6      | Found a shimmering blue altar of Sif Muna.
  5810 | D:6      | Found a white marble altar of Elyvilon.
  6130 | D:7      | Noticed Joseph
  6142 | D:7      | HP: 2/49 [Joseph/+2 spectral quarterstaff (10)]
  6143 | D:7      | Shot with a sling bullet by Joseph

Illustrated notes

Levels and vault maps discovered:
D:1:      dpeg_arrival_arbitrary_b, layout_basic, hex_intersection,
          minmay_tetromino_l2
D:2:      layout_basic, kennysheep_generic_room_6, uniq_sigmund
D:3:      layout_basic, nicolae_uskayaw_en_pointe, tgw_xom, uniq_ijyb,
          uniq_natasha
D:4:      lemuel_castle_with_subvaults [lemuel_castle_interior_carwin_2],
          layout_rooms, lemuel_coloured_pillars_altar, kennysheep_little_box,
          uniq_grinder
D:5:      layout_basic
D:6:      layout_loops_ring, gammafunk_temple_overflow_claw,
          minmay_temple_entry_waves
D:7:      layout_basic, nicolae_ossuary_entry_plus, uniq_pikel, uniq_joseph

Skill      XL: |  1  2  3  4  5  6  7  8  9 |
---------------+----------------------------+-----
Axes           | 2 |  2.3
Fighting       | 3 4 6 |  6.6
Shields        | 3 4 5 6 |  6.6
Short Blades   | 2 3 5 6 7 |  7.0
Armour         | |  2.4

Action                     |  1- 3 |  4- 6 |  7- 9 || total
---------------------------+-------+-------+-------++-------
  Melee: War axe           |    58 |       |       ||    58
         Bite              |    20 |    72 |   269 ||   361
         Dagger            |    36 |   221 |   710 ||   967
    Use: Scroll            |       |       |    16 ||    16
 Armour: Scale mail        |    27 |       |       ||    27
         Plate armour      |    36 |    51 |   148 ||   235
  Dodge: Dodged            |    37 |    49 |   148 ||   234
  Block: Buckler           |    25 |     4 |       ||    29
         Kite shield       |       |    47 |   202 ||   249

Table legend: (Time is in decaauts)
 A = Elapsed time spent in this place.
 B = Non-inter-level travel time spent in this place.
 C = Inter-level travel time spent in this place.
 D = Time resting spent in this place.
 E = Time spent auto-exploring this place.
 F = Levels seen in this place.
 G = Mean time per level.
                   A        B        C        D        E       F      G
               +--------+--------+--------+--------+--------+-----+--------+
         Total |   5792 |   5637 |    155 |    619 |   3445 |   7 |  827.4 |
       Dungeon |   5792 |   5637 |    155 |    619 |   3445 |   7 |  827.4 |
               +--------+--------+--------+--------+--------+-----+--------+

Top non-repeatable levels by time:
     D:4: 1277 daAuts
     D:5: 1040 daAuts
     D:3: 1029 daAuts
     D:2: 896 daAuts
     D:6: 739 daAuts
     D:1: 673 daAuts
     D:7: 135 daAuts
